[Event "LJ Slovak Open 2022"]
[Site "Liptovsky Jan"]
[Date "2022.06.26"]
[Round "6.47"]
[White "Bilik, Matej"]
[Black "Freibergs, Filips"]
[Result "0-1"]
[ECO "C50"]
[WhiteElo "1553"]
[BlackElo "1250"]
[Annotator "NA RC"]
[PlyCount "78"]
[EventDate "2022.06.23"]
[EventType "swiss"]
[EventCountry "SVK"]
[SourceTitle "playchess.com"]
[Source "ChessBase"]
[SourceQuality "1"]
[TimeControl "3600+30"]

1. e4 e5 2. Nf3 Nc6 3. Bc4 Bc5 4. O-O Nf6 5. d3 O-O 6. h3 h6 7. Re1 d6 8. a4 a5 9. Nbd2 Be6 10. Bb3 Qd7 11. Bxe6 fxe6 12. c4 Bb6 13. Nf1 Nd4 14. Be3 Nxf3+ 15. Qxf3 Nd5 16. Qe2 Nxe3 17. Nxe3 Qf7 18. Rf1 Qf4 19. Rac1 Rf7 20. Rce1 Raf8 21. f3 g5 22. Kh1 h5 23. Rg1 Kh8 24. Ref1 Qxe3 25. Re1 Qxe2 26. Rxe2 Bxg1 27. Kxg1 Kh7 28. Kf2 g4 29. hxg4 hxg4 30. Re3 gxf3 31. gxf3 Rg8 32. Re1 Rfg7 33. Rh1+ Kg6 34. Rg1+ Kf7 35. Rxg7+ Rxg7 36. Kf1 Kf6 37. Kf2 Kg5 38. Kf1 Kf4 39. Kf2 Rg3 0-1

[Event "LJ Slovak Open 2022"]
[Site "Liptovsky Jan"]
[Date "2022.06.26"]
[Round "6.49"]
[White "Muller, Martin"]
[Black "Kolibik, Jan"]
[Result "0-1"]
[ECO "D02"]
[WhiteElo "1476"]
[BlackElo "1621"]
[Annotator "NA RC"]
[PlyCount "97"]
[EventDate "2022.06.23"]
[EventType "swiss"]
[EventCountry "SVK"]
[SourceTitle "playchess.com"]
[Source "ChessBase"]
[SourceQuality "1"]
[TimeControl "3600+30"]

1. d4 d5 2. Bf4 c6 3. Nf3 Nf6 4. e3 Bg4 5. h3 Bh5 6. Bd3 Qb6 7. Nbd2 e6 8. Nb3 Nbd7 9. Qd2 Ne4 10. Bxe4 dxe4 11. Ne5 Nxe5 12. Bxe5 f6 13. Bh2 a5 14. c3 Rd8 15. Qc2 Bg6 16. Qe2 a4 17. Nc1 Bf7 18. Qc2 f5 19. Be5 Qa6 20. h4 Be7 21. h5 Bf6 22. Bxf6 gxf6 23. Qe2 Qxe2+ 24. Nxe2 Rg8 25. g3 Ke7 26. O-O-O e5 27. Kb1 Rd7 28. dxe5 Rxd1+ 29. Rxd1 fxe5 30. h6 Bh5 31. Re1 Bxe2 32. Rxe2 Rg6 33. c4 Rd6 34. Kc2 Rxh6 35. Kc3 c5 36. b4 b6 37. b5 Rd6 38. Rd2 h5 39. Rxd6 Kxd6 40. Kd2 Ke6 41. Ke2 Kf6 42. Kf1 Kg5 43. Kg2 f4 44. Kh3 a3 45. Kh2 Kg4 46. Kg2 fxg3 47. fxg3 h4 48. gxh4 Kxh4 49. Kh2 0-1

[Event "LJ Slovak Open 2022"]
[Site "Liptovsky Jan"]
[Date "2022.06.26"]
[Round "6.50"]
[White "Szabo, Marian"]
[Black "Carnecky, Michal"]
[Result "1-0"]
[ECO "A45"]
[WhiteElo "1467"]
[BlackElo "1361"]
[Annotator "NA RC"]
[PlyCount "101"]
[EventDate "2022.06.23"]
[EventType "swiss"]
[EventCountry "SVK"]
[SourceTitle "playchess.com"]
[Source "ChessBase"]
[SourceQuality "1"]
[TimeControl "3600+30"]

1. d4 d5 2. e3 Nf6 3. Nd2 e6 4. a3 Bd6 5. c4 c5 6. dxc5 Bxc5 7. b4 Be7 8. Bb2 O-O 9. Ngf3 Nbd7 10. c5 b6 11. c6 Nb8 12. Rc1 Na6 13. Bd4 Ne4 14. Ne5 f6 15. Nd7 Re8 16. Qc2 Nc7 17. Nxe4 dxe4 18. Qxe4 Bxd7 19. cxd7 Qxd7 20. Bd3 f5 21. Qf4 Nd5 22. Qg3 Bf6 23. Be5 Rac8 24. O-O Bxe5 25. Qxe5 Qe7 26. Bxf5 exf5 27. Qxd5+ Qf7 28. Qxf7+ Kxf7 29. Rxc8 Rxc8 30. Ra1 b5 31. a4 bxa4 32. h3 Rc4 33. Rxa4 a5 34. Rxa5 Rxb4 35. Rxf5+ Kg6 36. Rd5 h6 37. g4 Kh7 38. Kg2 Re4 39. Rd4 Re6 40. Rd3 Re5 41. f4 Ra5 42. Kf3 h5 43. g5 Ra6 44. f5 Ra1 45. Rd2 Rh1 46. Kg3 Re1 47. Rd3 Rg1+ 48. Kh4 Rf1 49. e4 Rf4+ 50. Kxh5 Rxe4 51. g6+ 1-0

[Event "LJ Slovak Open 2022"]
[Site "Liptovsky Jan"]
[Date "2022.06.26"]
[Round "6.51"]
[White "Livnansky, Tomas"]
[Black "Hlavac, Tomas"]
[Result "1-0"]
[ECO "A01"]
[WhiteElo "1244"]
[BlackElo "1409"]
[Annotator "NA RC"]
[PlyCount "134"]
[EventDate "2022.06.23"]
[EventType "swiss"]
[EventCountry "SVK"]
[SourceTitle "playchess.com"]
[Source "ChessBase"]
[SourceQuality "1"]
[TimeControl "3600+30"]

1. b3 Nf6 2. Bb2 e6 3. e3 Be7 4. Nf3 O-O 5. Be2 d6 6. O-O e5 7. d3 b6 8. e4 Nbd7 9. c4 Nc5 10. Nbd2 Ne6 11. Qc2 Nf4 12. Rfe1 Nxe2+ 13. Rxe2 Bg4 14. h3 Bh5 15. Ree1 h6 16. d4 exd4 17. Bxd4 c5 18. Bb2 Qd7 19. e5 Nh7 20. exd6 Qxd6 21. Ne4 Qf4 22. Qc3 Bf6 23. Nxf6+ Nxf6 24. Re3 Rae8 25. Rae1 Rxe3 26. Rxe3 Rd8 27. g3 Qd6 28. Kg2 Qc6 29. Rd3 Re8 30. Re3 Rxe3 31. Qxe3 Ne4 32. g4 Bg6 33. Ne5 Qf6 34. Nxg6 Qxg6 35. f3 Ng5 36. Kg3 Qc6 37. Qc3 f6 38. Bc1 Ne6 39. Qd3 Nd4 40. Be3 Qxf3+ 41. Kh2 Ne2 42. Qd8+ Kf7 43. Qd7+ Kg6 44. Qd3+ f5 45. Qd6+ Kh7 46. Qe5 fxg4 47. hxg4 Qxg4 48. Bxh6 Kxh6 49. Qd6+ Kg5 50. Qe7+ Kf4 51. Qd6+ Kf3 52. Qf8+ Qf4+ 53. Qxf4+ Kxf4 54. a3 g5 55. b4 cxb4 56. axb4 g4 57. c5 bxc5 58. b5 c4 59. b6 axb6 60. Kh1 c3 61. Kg2 c2 62. Kf2 Nd4 63. Kg2 c1=Q 64. Kf2 Qd2+ 65. Kf1 g3 66. Kg1 Qf2+ 67. Kh1 Qh2# 1-0

[Event "LJ Slovak Open 2022"]
[Site "Liptovsky Jan"]
[Date "2022.06.26"]
[Round "6.52"]
[White "Kovacik, Oliver"]
[Black "Ihnat, Marek"]
[Result "1-0"]
[ECO "B12"]
[WhiteElo "1331"]
[BlackElo "2045"]
[Annotator "NA RC"]
[PlyCount "65"]
[EventDate "2022.06.23"]
[EventType "swiss"]
[EventCountry "SVK"]
[SourceTitle "playchess.com"]
[Source "ChessBase"]
[SourceQuality "1"]
[TimeControl "3600+30"]

1. e4 c6 2. d4 d5 3. e5 c5 4. c3 Nc6 5. f4 cxd4 6. cxd4 Bf5 7. Nf3 e6 8. a3 Rc8 9. Nc3 Nh6 10. h3 Be7 11. Be3 Bh4+ 12. Kd2 a6 13. g4 Be4 14. Bd3 Bxd3 15. Kxd3 Be7 16. Rc1 b5 17. b4 O-O 18. Ke2 f6 19. exf6 gxf6 20. Rg1 Kh8 21. Qd3 Rg8 22. g5 Nf5 23. h4 Qe8 24. Nxd5 Nxe3 25. Nxe3 Bd6 26. f5 Rd8 27. Kf2 e5 28. Nd2 Nxd4 29. gxf6 Rxg1 30. Rxg1 e4 31. Nxe4 Qe5 32. Ng5 Qxf6 33. Nf7+ 1-0

[Event "LJ Slovak Open 2022"]
[Site "Liptovsky Jan"]
[Date "2022.06.26"]
[Round "6.53"]
[White "Muller, Tomas"]
[Black "Bodnar, Frantisek"]
[Result "1-0"]
[ECO "A22"]
[WhiteElo "1240"]
[BlackElo "1379"]
[Annotator "NA RC"]
[PlyCount "97"]
[EventDate "2022.06.23"]
[EventType "swiss"]
[EventCountry "SVK"]
[SourceTitle "playchess.com"]
[Source "ChessBase"]
[SourceQuality "1"]
[TimeControl "3600+30"]

1. c4 e5 2. g3 Bc5 3. Nc3 Nf6 4. Bg2 a6 5. e3 O-O 6. Nge2 Re8 7. O-O c6 8. b3 d5 9. d4 exd4 10. Nxd4 dxc4 11. bxc4 Bg4 12. Qd2 Nbd7 13. Nb3 Ba7 14. h3 Bh5 15. Bb2 Re7 16. Qd3 Bg6 17. Qd2 Qe8 18. Rfd1 Rxe3 19. Re1 Rxe1+ 20. Rxe1 Qf8 21. Rd1 Re8 22. Kf1 Nc5 23. Qd6 Nfe4 24. Qxf8+ Kxf8 25. Nxe4 Bxe4 26. Ba3 Bxg2+ 27. Kxg2 b6 28. Bxc5+ bxc5 29. Rd7 Bb8 30. Nxc5 Be5 31. Nxa6 Ra8 32. Nb4 c5 33. Nc6 Bd4 34. Nxd4 cxd4 35. Rxd4 Rxa2 36. Kf3 Ke7 37. Ke3 Ke6 38. f4 f5 39. Rd5 Ra3+ 40. Rd3 Ra5 41. Kd4 h6 42. Re3+ Kf6 43. c5 g5 44. Kd5 gxf4 45. gxf4 Ra8 46. Re6+ Kf7 47. Re5 Rd8+ 48. Kc4 Rc8 49. Rxf5+ 1-0

[Event "LJ Slovak Open 2022"]
[Site "Liptovsky Jan"]
[Date "2022.06.26"]
[Round "6.54"]
[White "Pechociakova, Petra"]
[Black "Magda, Juraj"]
[Result "1-0"]
[ECO "B30"]
[WhiteElo "1160"]
[BlackElo "1301"]
[Annotator "NA RC"]
[PlyCount "51"]
[EventDate "2022.06.23"]
[EventType "swiss"]
[EventCountry "SVK"]
[SourceTitle "playchess.com"]
[Source "ChessBase"]
[SourceQuality "1"]
[TimeControl "3600+30"]

1. e4 c5 2. Nf3 d6 3. h3 Nc6 4. c4 g6 5. Nc3 Bg7 6. Be2 Nf6 7. O-O O-O 8. d3 Bd7 9. Be3 Qb6 10. Na4 Qd8 11. Qd2 Nb4 12. a3 Nxd3 13. Bxd3 Bxa4 14. Bh6 Bc6 15. Bxg7 Kxg7 16. Rae1 Rb8 17. Nh4 e6 18. e5 dxe5 19. Rxe5 Nd7 20. Rg5 Qf6 21. Re1 h6 22. Rg4 e5 23. Nf5+ Kh7 24. Qxh6+ Kg8 25. Rh4 gxf5 26. Qh7# 1-0

[Event "LJ Slovak Open 2022"]
[Site "Liptovsky Jan"]
[Date "2022.06.26"]
[Round "6.55"]
[White "Socha, Wiktor"]
[Black "Papay Aurel"]
[Result "1-0"]
[ECO "C01"]
[WhiteElo "1020"]
[BlackElo "1294"]
[Annotator "NA RC"]
[PlyCount "44"]
[EventDate "2022.06.23"]
[EventType "swiss"]
[EventCountry "SVK"]
[SourceTitle "playchess.com"]
[Source "ChessBase"]
[SourceQuality "1"]
[TimeControl "3600+30"]

1. e4 e6 2. d4 d5 3. exd5 exd5 4. Nf3 Bd6 5. Nc3 Ne7 6. Bd3 c6 7. Be3 O-O 8. O-O Re8 9. Re1 Bf5 10. Ne2 Qc7 11. g3 Bxd3 12. Qxd3 Ng6 13. Rac1 Nd7 14. c4 dxc4 15. Rxc4 Nf6 16. Rcc1 Qa5 17. a3 Rad8 18. b4 Qh5 19. Kg2 Ne5 20. Bd2 Nfg4 21. h3 f6 22. Nxe5 Qh6 1-0

[Event "LJ Slovak Open 2022"]
[Site "Liptovsky Jan"]
[Date "2022.06.26"]
[Round "6.56"]
[White "Szaszak, Matej"]
[Black "Sotnik, Simon"]
[Result "0-1"]
[ECO "B20"]
[WhiteElo "1235"]
[BlackElo "1038"]
[Annotator "NA RC"]
[PlyCount "93"]
[EventDate "2022.06.23"]
[EventType "swiss"]
[EventCountry "SVK"]
[SourceTitle "playchess.com"]
[Source "ChessBase"]
[SourceQuality "1"]
[TimeControl "3600+30"]

1. e4 c5 2. Bc4 g6 3. b3 Bg7 4. Nc3 Nc6 5. Bb2 e6 6. Na4 Bxb2 7. Nxb2 Nf6 8. d3 a6 9. a4 d5 10. exd5 exd5 11. Qe2+ Qe7 12. Qxe7+ Nxe7 13. Nf3 dxc4 14. Nxc4 Bg4 15. Nfe5 Rd8 16. Ne3 Bf5 17. O-O O-O 18. Rae1 Ned5 19. c4 Nxe3 20. Rxe3 Rfe8 21. Rfe1 Nd7 22. Nxd7 Bxd7 23. Rxe8+ Rxe8 24. Rxe8+ Bxe8 25. Kf1 Bc6 26. a5 Kf8 27. g3 Ke7 28. Ke2 Kd6 29. Ke3 f5 30. f4 h6 31. d4 g5 32. h3 cxd4+ 33. Kxd4 gxf4 34. gxf4 Kc7 35. c5 Bg2 36. h4 h5 37. b4 Kc6 38. Ke5 Bh3 39. Kd4 Kb5 40. Kc3 Bg2 41. Kb3 Bd5+ 42. Ka3 Be4 43. Kb3 Bf3 44. Kc3 Bd1 45. Kd2 Ba4 46. Kc3 Bd1 47. c6 0-1

[Event "LJ Slovak Open 2022"]
[Site "Liptovsky Jan"]
[Date "2022.06.26"]
[Round "6.57"]
[White "Polackova, Eva"]
[Black "Stricova Julia Nela"]
[Result "1-0"]
[ECO "C65"]
[WhiteElo "1253"]
[BlackElo "1149"]
[Annotator "NA RC"]
[PlyCount "49"]
[EventDate "2022.06.23"]
[EventType "swiss"]
[EventCountry "SVK"]
[SourceTitle "playchess.com"]
[Source "ChessBase"]
[SourceQuality "1"]
[TimeControl "3600+30"]

1. e4 e5 2. Nf3 Nc6 3. Bb5 Nf6 4. O-O a6 5. Bxc6 bxc6 6. Nxe5 Bd6 7. Nf3 Be7 8. Nc3 O-O 9. d4 Bb4 10. Bg5 Bxc3 11. bxc3 d6 12. Qe2 Bg4 13. e5 Bxf3 14. Qxf3 dxe5 15. dxe5 Qd5 16. exf6 Qxf3 17. gxf3 g6 18. Rfe1 Rfd8 19. Re7 Rac8 20. Bf4 Rd5 21. Rae1 Kf8 22. Bxc7 Rb5 23. Bd6 Kg8 24. Re8+ Rxe8 25. Rxe8# 1-0

[Event "LJ Slovak Open 2022"]
[Site "Liptovsky Jan"]
[Date "2022.06.26"]
[Round "6.58"]
[White "Haasova, Nina"]
[Black "Moravcik Alex"]
[Result "1-0"]
[ECO "D02"]
[WhiteElo "1216"]
[BlackElo "1000"]
[Annotator "NA RC"]
[PlyCount "111"]
[EventDate "2022.06.23"]
[EventType "swiss"]
[EventCountry "SVK"]
[SourceTitle "playchess.com"]
[Source "ChessBase"]
[SourceQuality "1"]
[TimeControl "3600+30"]

1. d4 d5 2. Nf3 Nc6 3. e3 a6 4. c3 Bg4 5. Be2 Bxf3 6. Bxf3 Nf6 7. O-O e5 8. dxe5 Nxe5 9. Be2 Bc5 10. b3 O-O 11. Nd2 Bd6 12. c4 c6 13. cxd5 cxd5 14. Bb2 Rc8 15. Rc1 Rxc1 16. Qxc1 Nfg4 17. Bxg4 Nxg4 18. Qc3 Be5 19. Qc2 Qh4 20. h3 h6 21. Nf3 Qf6 22. Nxe5 Nxe5 23. f4 Nf3+ 24. Rxf3 Qh4 25. Qc3 f6 26. Rf1 Re8 27. Qd4 Qg3 28. Rf3 Qe1+ 29. Kh2 Qe2 30. Qxd5+ Kh8 31. Qd4 Rf8 32. e4 Rc8 33. Rc3 Rxc3 34. Bxc3 Qf1 35. f5 Qf4+ 36. Kh1 Qf1+ 37. Qg1 Qd3 38. Qe1 b5 39. Bb4 Qc2 40. a4 bxa4 41. bxa4 Qxa4 42. Bd2 a5 43. Bxa5 Qb5 44. Bd2 Qb3 45. e5 fxe5 46. Qxe5 Qd1+ 47. Qe1 Qc2 48. g4 Qc6+ 49. Kg1 Qc5+ 50. Qe3 Qd6 51. Bc3 Qd1+ 52. Kg2 Qc2+ 53. Kg3 Qd1 54. Qe8+ Kh7 55. Qg6+ Kg8 56. Qxg7# 1-0

[Event "LJ Slovak Open 2022"]
[Site "Liptovsky Jan"]
[Date "2022.06.26"]
[Round "6.59"]
[White "Stricova Viktoria Lea"]
[Black "Magdova, Lucia"]
[Result "0-1"]
[ECO "C55"]
[WhiteElo "1025"]
[BlackElo "1055"]
[Annotator "NA"]
[PlyCount "84"]
[EventDate "2022.06.23"]
[EventType "swiss"]
[EventCountry "SVK"]
[SourceTitle "playchess.com"]
[Source "ChessBase"]
[SourceQuality "1"]
[TimeControl "3600+30"]

1. e4 e5 2. Nf3 Nc6 3. Nc3 Nf6 4. Bc4 Bb4 5. a3 Bxc3 6. dxc3 Nxe4 7. O-O Nf6 8. Bg5 O-O 9. Be3 d6 10. h3 Bf5 11. Ng5 d5 12. Bb3 e4 13. f3 h6 14. Bc5 Ne7 15. Qc1 hxg5 16. Qxg5 b6 17. Bd4 Qd6 18. f4 c5 19. Rfe1 cxd4 20. Red1 Nh7 21. Qh4 e3 22. c4 Be4 23. f5 Nxf5 24. Qg4 Qg3 25. Qxg3 Nxg3 26. Re1 Nf5 27. Rf1 e2 28. Rfe1 Ng3 29. Kf2 Nf5 30. Kxe2 Rfe8 31. Kd2 Bxg2 32. Re2 Rxe2+ 33. Kxe2 Re8+ 34. Kf2 Bxh3 35. Ba4 Re3 36. c3 dxc3 37. bxc3 dxc4 38. Rd1 Ng5 39. Bc2 Rf3+ 40. Ke2 Rxc3 41. Rd8+ Kh7 42. Kf2 Rxc2+ 0-1

[Event "LJ Slovak Open 2022"]
[Site "Liptovsky Jan"]
[Date "2022.06.26"]
[Round "7.2"]
[White "Varga, Lukas"]
[Black "Ihnat, Marek"]
[Result "1/2-1/2"]
[ECO "B11"]
[WhiteElo "2136"]
[BlackElo "2045"]
[Annotator "RC"]
[PlyCount "25"]
[EventDate "2022.06.23"]
[EventType "swiss"]
[EventCountry "SVK"]
[SourceTitle "playchess.com"]
[Source "ChessBase"]
[SourceQuality "1"]
[TimeControl "3600+30"]

1. e4 c6 2. Nc3 d5 3. Nf3 dxe4 4. Nxe4 Nf6 5. Nxf6+ exf6 6. Bc4 Bd6 7. Qe2+ Qe7 8. Qxe7+ Kxe7 9. O-O Be6 10. Re1 Kd7 11. Bd3 c5 12. b3 Nc6 13. a3 1/2-1/2

[Event "LJ Slovak Open 2022"]
[Site "Liptovsky Jan"]
[Date "2022.06.26"]
[Round "7.4"]
[White "Hurtuk, Radovan"]
[Black "Karas, Marek"]
[Result "0-1"]
[ECO "B41"]
[WhiteElo "2057"]
[BlackElo "2292"]
[Annotator "RC"]
[PlyCount "98"]
[EventDate "2022.06.23"]
[EventType "swiss"]
[EventCountry "SVK"]
[SourceTitle "playchess.com"]
[Source "ChessBase"]
[SourceQuality "1"]
[TimeControl "3600+30"]

1. e4 c5 2. Nf3 e6 3. d4 cxd4 4. Nxd4 a6 5. g3 b5 6. Bg2 Bb7 7. O-O Nc6 8. Be3 Qc7 9. a4 b4 10. Nxc6 Bxc6 11. a5 Nf6 12. Bb6 Qb7 13. f3 Be7 14. Nd2 O-O 15. Re1 d6 16. Nc4 d5 17. Ne5 dxe4 18. Nxc6 Qxc6 19. fxe4 Bc5+ 20. Bxc5 Qxc5+ 21. Kh1 Rfd8 22. Qe2 Qe5 23. b3 h5 24. Rad1 Rdc8 25. Rd2 Rc5 26. Qe3 Rxa5 27. Qb6 Rb8 28. Rd8+ Rxd8 29. Qxd8+ Kh7 30. Qe7 Qc3 31. Rf1 Kg6 32. h3 Ra1 33. Rxa1 Qxa1+ 34. Kh2 Qe5 35. Qxb4 h4 36. Qe1 Nh5 37. Qe2 Qxg3+ 38. Kg1 Kh6 39. Qf2 Qg5 40. c4 Nf4 41. Kh1 a5 42. Bf1 Nh5 43. Bg2 Ng3+ 44. Kh2 f6 45. c5 Qe5 46. Kg1 Qc3 47. Qf4+ Kg6 48. Qd6 Qe1+ 49. Kh2 Ne2 0-1

[Event "LJ Slovak Open 2022"]
[Site "Liptovsky Jan"]
[Date "2022.06.26"]
[Round "7.5"]
[White "Giertli, Vladimir"]
[Black "Holly, Andrej"]
[Result "1-0"]
[ECO "E60"]
[WhiteElo "1988"]
[BlackElo "2214"]
[Annotator "RC"]
[PlyCount "89"]
[EventDate "2022.06.23"]
[EventType "swiss"]
[EventCountry "SVK"]
[SourceTitle "playchess.com"]
[Source "ChessBase"]
[SourceQuality "1"]
[TimeControl "3600+30"]

1. Nf3 Nf6 2. b3 g6 3. Bb2 Bg7 4. g3 O-O 5. Bg2 d6 6. d4 c6 7. Nbd2 Qc7 8. O-O Nbd7 9. c4 e5 10. Qc2 Re8 11. e3 h6 12. a4 Nf8 13. c5 e4 14. cxd6 Qxd6 15. Ne5 Qe6 16. a5 N8d7 17. a6 Nxe5 18. dxe5 Nd7 19. axb7 Bxb7 20. Nxe4 Bxe5 21. Bxe5 Qxe5 22. Rfd1 c5 23. Nf6+ Qxf6 24. Bxb7 Rad8 25. Rxa7 Qb6 26. Rda1 Ne5 27. Bg2 Qb4 28. Rd1 Rb8 29. Bd5 Qb6 30. Rda1 Red8 31. e4 Nf3+ 32. Kh1 Rf8 33. R7a6 Qc7 34. Rxg6+ Kh7 35. Rc6 Qe5 36. Raa6 Kg7 37. Qxc5 Ra8 38. Qc1 f6 39. Rc7+ Kg6 40. Rxa8 Rxa8 41. Bxa8 Qh5 42. h4 Qg4 43. Kg2 Nxh4+ 44. Kf1 Nf3 45. e5 1-0

[Event "LJ Slovak Open 2022"]
[Site "Liptovsky Jan"]
[Date "2022.06.26"]
[Round "7.6"]
[White "Spik, Peter"]
[Black "Borsos, Bogdan"]
[Result "0-1"]
[ECO "A46"]
[WhiteElo "1969"]
[BlackElo "2200"]
[Annotator "RC"]
[PlyCount "64"]
[EventDate "2022.06.23"]
[EventType "swiss"]
[EventCountry "SVK"]
[SourceTitle "playchess.com"]
[Source "ChessBase"]
[SourceQuality "1"]
[TimeControl "3600+30"]

1. d4 Nf6 2. Nf3 e6 3. Bg5 c5 4. c3 cxd4 5. cxd4 Qa5+ 6. Bd2 Qb6 7. Qc2 Nc6 8. e3 d5 9. a3 Be7 10. Nc3 O-O 11. b4 Qd8 12. Bd3 Bd7 13. O-O Rc8 14. Rfc1 h6 15. Qb2 Bd6 16. Ne2 Ne4 17. Be1 f5 18. Rab1 a6 19. Rc2 Qe7 20. Ne5 Nxe5 21. dxe5 Bb8 22. f4 Rxc2 23. Qxc2 Rc8 24. Qb2 Bb5 25. Bxb5 axb5 26. Rc1 Rc4 27. Rxc4 bxc4 28. Nd4 Ba7 29. g3 Qe8 30. b5 Bxd4 31. exd4 Qh5 32. Bb4 Qf3 0-1

[Event "LJ Slovak Open 2022"]
[Site "Liptovsky Jan"]
[Date "2022.06.26"]
[Round "7.7"]
[White "Podjavorinsky, Michal"]
[Black "Bombek, Peter"]
[Result "1/2-1/2"]
[ECO "C11"]
[WhiteElo "1941"]
[BlackElo "2111"]
[Annotator "NA RC"]
[PlyCount "38"]
[EventDate "2022.06.23"]
[EventType "swiss"]
[EventCountry "SVK"]
[SourceTitle "playchess.com"]
[Source "ChessBase"]
[SourceQuality "1"]
[TimeControl "3600+30"]

1. e4 e6 2. Nc3 d5 3. d4 Nf6 4. e5 Nfd7 5. f4 c5 6. Nf3 Nc6 7. Be3 Be7 8. Qd2 O-O 9. Be2 b6 10. O-O-O {[%emt 0:08:50] [#]} c4 $1 11. f5 $17 b5 12. f6 gxf6 13. Bh6 b4 14. Qf4 Kh8 15. Bxf8 Nxf8 16. exf6 Bxf6 17. Na4 Bd7 18. Nc5 Be8 19. h4 Ng6 1/2-1/2

[Event "LJ Slovak Open 2022"]
[Site "Liptovsky Jan"]
[Date "2022.06.26"]
[Round "7.9"]
[White "Zetocha, Adrian"]
[Black "Harvan, Tomas"]
[Result "1-0"]
[WhiteElo "2331"]
[BlackElo "1853"]
[Annotator "TA"]
[PlyCount "11"]
[EventDate "2022.06.23"]
[EventType "swiss"]
[EventCountry "SVK"]
[SourceTitle "playchess.com"]
[Source "ChessBase"]
[SourceQuality "1"]
[TimeControl "3600+30"]

1. d4 Nf6 2. c4 g6 3. d5 Bg7 4. Nf3 O-O 5. g3 d6 {[%emt 0:00:00] [#]} 6. h3 $146 {[%emt 0:40:06][%mdl 32768] Loss on time!? E60: King's Indian: Unusual lines and Fianchetto Variation without Nc3.} (6. Bg2 $11 {remains equal.}) ({Predecessor:} 6. Bg2 c5 7. O-O Nbd7 8. Nc3 Rb8 9. a4 Ne8 10. Qc2 a6 11. a5 Nc7 12. Ra3 b5 13. axb6 Nxb6 14. b3 e6 15. e4 exd5 16. exd5 Bg4 {1-0 (60) Phan Nguyen Ha,N (1977)-Nguyen,T (1736) Da Lat 2013}) 1-0

[Event "LJ Slovak Open 2022"]
[Site "Liptovsky Jan"]
[Date "2022.06.26"]
[Round "7.10"]
[White "Mrkvik, Jan"]
[Black "Rucek, Kristian"]
[Result "0-1"]
[ECO "D02"]
[WhiteElo "1810"]
[BlackElo "2128"]
[Annotator "RC"]
[PlyCount "65"]
[EventDate "2022.06.23"]
[EventType "swiss"]
[EventCountry "SVK"]
[SourceTitle "playchess.com"]
[Source "ChessBase"]
[SourceQuality "1"]
[TimeControl "3600+30"]

1. d4 d5 2. Bf4 c5 3. e3 Nc6 4. Nf3 Nf6 5. c3 Qb6 6. Qb3 c4 7. Qxb6 axb6 8. Nbd2 b5 9. b3 Bf5 10. Be2 e6 11. Nh4 Bc2 12. Bd1 Bd3 13. Be2 Bc2 14. Bd1 cxb3 15. Nxb3 Bxd1 16. Kxd1 Ne4 17. Kc2 Nxf2 18. Rhb1 b4 19. Nc5 b6 20. Nd3 Ne4 21. Bg3 Nxc3 22. Rb2 Ne4 23. Be1 Be7 24. Nf3 Ra4 25. Nfe5 Nxe5 26. dxe5 Bc5 27. Bxb4 Bxe3 28. Kb3 Ra8 29. Rc2 Kd7 30. Re1 Bd4 31. Rf1 f6 32. g4 Rac8 33. Rxc8 0-1

[Event "LJ Slovak Open 2022"]
[Site "Liptovsky Jan"]
[Date "2022.06.26"]
[Round "7.11"]
[White "Kasperek, Ryszard"]
[Black "Rak, Martin"]
[Result "1-0"]
[ECO "B52"]
[WhiteElo "2068"]
[BlackElo "1849"]
[Annotator "NA RC"]
[PlyCount "141"]
[EventDate "2022.06.23"]
[EventType "swiss"]
[EventCountry "SVK"]
[SourceTitle "playchess.com"]
[Source "ChessBase"]
[SourceQuality "1"]
[TimeControl "3600+30"]

1. e4 c5 2. Nf3 d6 3. Bb5+ Bd7 4. Bxd7+ Qxd7 5. O-O Nc6 6. c3 g6 7. d4 cxd4 8. cxd4 Bg7 9. Nc3 Nf6 10. d5 Ne5 11. Nxe5 dxe5 12. Qb3 O-O 13. f3 Ne8 $11 14. Be3 Nd6 15. a4 Rfc8 16. Nb5 a6 17. Nxd6 exd6 18. Rfc1 Rxc1+ 19. Rxc1 Rc8 20. Rc4 Rxc4 21. Qxc4 Bf6 22. h3 Bd8 23. b4 Qc7 24. Qd3 a5 25. b5 b6 26. g3 Qc8 27. Kg2 f6 28. f4 Qc7 29. fxe5 fxe5 30. h4 Qc8 31. Bh6 Qg4 32. Qf3 Qxf3+ 33. Kxf3 Kf7 34. Kg4 Bf6 35. h5 Be7 36. Bg5 Bf6 37. Bh6 Be7 38. Be3 Bd8 39. Bf2 Kg7 40. Be3 h6 41. Bc1 Bc7 42. Ba3 Kf6 43. Bc1 Kg7 44. Bd2 Bd8 45. Be3 Bc7 46. Kh4 Bd8+ 47. Kg4 Bc7 48. Bf2 Bd8 49. Be3 Bc7 50. hxg6 Kxg6 51. Bxh6 Kxh6 52. Kf5 Bb8 53. g4 Bc7 54. g5+ Kg7 55. Ke6 Kg6 56. Kd7 Bb8 57. Kc8 Kxg5 58. Kxb8 Kf4 59. Kc7 Kxe4 60. Kxd6 Kf5 61. Kc6 e4 62. d6 e3 63. d7 e2 64. d8=Q e1=Q 65. Qd5+ Kg6 66. Kxb6 Qb4 67. Ka7 Qxa4 68. b6 Qf4 69. b7 Qc7 70. Ka8 a4 71. b8=Q 1-0

[Event "LJ Slovak Open 2022"]
[Site "Liptovsky Jan"]
[Date "2022.06.26"]
[Round "7.12"]
[White "Chlpek, Daniel"]
[Black "Valko, Michal"]
[Result "1-0"]
[ECO "D02"]
[WhiteElo "2030"]
[BlackElo "1906"]
[Annotator "NA RC"]
[PlyCount "33"]
[EventDate "2022.06.23"]
[EventType "swiss"]
[EventCountry "SVK"]
[SourceTitle "playchess.com"]
[Source "ChessBase"]
[SourceQuality "1"]
[TimeControl "3600+30"]

1. Nf3 d5 2. g3 Nc6 3. d4 Bf5 4. Bg2 e6 5. Bf4 h5 6. h4 Nb4 7. Na3 Bd6 8. Bxd6 Qxd6 9. c3 Na6 10. Qa4+ c6 11. O-O Nf6 12. c4 Ne4 13. c5 Qc7 14. Nb1 f6 15. Nbd2 g5 16. Qd1 g4 17. Ne1 1-0

[Event "LJ Slovak Open 2022"]
[Site "Liptovsky Jan"]
[Date "2022.06.26"]
[Round "7.13"]
[White "Saravanan Durga"]
[Black "Bakalar, Jan"]
[Result "0-1"]
[ECO "A44"]
[WhiteElo "1660"]
[BlackElo "1916"]
[Annotator "NA RC"]
[PlyCount "47"]
[EventDate "2022.06.23"]
[EventType "swiss"]
[EventCountry "SVK"]
[SourceTitle "playchess.com"]
[Source "ChessBase"]
[SourceQuality "1"]
[TimeControl "3600+30"]

1. d4 c5 2. d5 e5 3. e4 d6 4. Nf3 Ne7 5. c4 Ng6 6. h4 Be7 7. h5 Nf8 8. h6 g6 9. Nc3 Nfd7 10. Be2 O-O 11. g4 Kh8 12. Be3 Na6 13. Qd2 Nc7 14. O-O-O a6 15. Rdg1 b5 16. Kb1 Rb8 17. g5 bxc4 18. Bxc4 Nb5 19. Kc1 Nd4 20. Bxd4 cxd4 21. Na4 Qc7 22. b3 Nc5 23. Ne1 f5 24. f4 0-1

[Event "LJ Slovak Open 2022"]
[Site "Liptovsky Jan"]
[Date "2022.06.26"]
[Round "7.14"]
[White "Szaszak, Robert"]
[Black "Rucek, Peter"]
[Result "0-1"]
[ECO "B22"]
[WhiteElo "1717"]
[BlackElo "1899"]
[Annotator "NA RC"]
[PlyCount "76"]
[EventDate "2022.06.23"]
[EventType "swiss"]
[EventCountry "SVK"]
[SourceTitle "playchess.com"]
[Source "ChessBase"]
[SourceQuality "1"]
[TimeControl "3600+30"]

1. e4 e6 2. d4 d5 3. exd5 exd5 4. Nf3 Nf6 5. Bd3 c5 6. c3 c4 7. Bc2 Bd6 8. O-O O-O 9. Bg5 Bg4 10. Nbd2 Nbd7 11. Qb1 Qc7 12. h3 Bxf3 13. Nxf3 h6 14. Bxf6 Nxf6 15. Re1 Rfe8 16. a3 b5 17. Qd1 a5 18. Nd2 b4 19. axb4 axb4 20. Rxe8+ Rxe8 21. cxb4 Bxb4 22. Nf3 Qb6 23. Ra4 Bd6 24. Qa1 Bb8 25. Ra6 Qb4 26. Ra4 Qe7 27. Qd1 Nh5 28. b3 Nf4 29. bxc4 Ne2+ 30. Kh1 Nc3 31. Qc1 Nxa4 32. Bxa4 Rc8 33. c5 Qe4 34. Bd7 Bf4 35. Qa1 Rb8 36. Ng1 Rb1 37. Qa8+ Kh7 38. Qc8 Rxg1+ 0-1